 Dungeon Crawl Stone Soup version 0.20.1-1-g8b1a95d66d (webtiles) character file.

217 Ivernyr the Shooter (level 5, -3/45 HPs)
             Began as a Centaur Hunter on Dec 9, 2017.
             Killed by divine providence
             ... invoked by an orc priest
              (15 damage)
             ... on level 4 of the Dungeon.
             The game lasted 00:12:16 (3394 turns).

Ivernyr the Shooter (Centaur Hunter)                Turns: 3394, Time: 00:12:17

Health: -3/45      AC:  8    Str: 15    XL:     5   Next: 62%
Magic:  5/5        EV:  7    Int: 11    God:
Gold:   111        SH:  0    Dex:  9    Spells: 4/4 levels left

rFire    . . .     SeeInvis .     - Unarmed
rCold    . . .     Gourm    .   (no shield)
rNeg     . . .     Faith    .   c - +0 leather armour
rPois    .         Spirit   .   (no helmet)
rElec    .         Reflect  .   (no cloak)
rCorr    .         Harm     .   (no gloves)
MR       .....                  j - +0 centaur barding
Stlth    +.........             (no amulet)
Regen    0.2/turn               (no ring)
MPRegen  0.1/turn               (no ring)

@: very quick
A: hooves 3, deformed body, speed 2, tough skin 3
a: no special abilities


You were on level 4 of the Dungeon.
You were not hungry.

You visited 1 branch of the dungeon, and saw 4 of its levels.

You collected 111 gold pieces.

Inventory:

Hand Weapons
 a - a +1 shortbow
Missiles
 d - 56 arrows
Armour
 c - a +0 leather armour (worn)
 j - a +0 centaur barding (worn)
Scrolls
 b - 3 scrolls of remove curse
 h - 4 scrolls of identify
 k - 5 scrolls of fog
 l - 2 scrolls of enchant weapon
 o - a scroll of teleportation {unknown}
 p - a scroll of noise {unknown}
 s - a scroll of random uselessness {unknown}
 t - a scroll of immolation {unknown}
Potions
 e - a potion of haste
 g - a potion of heal wounds {unknown}
 m - 2 potions of flight
 q - a potion of curing {unknown}
Comestibles
 f - 3 bread rations
 i - 3 fruits
 n - a royal jelly
 r - a meat ration


   Skills:
 + Level 3.3 Fighting
 * Level 7.5 Bows
 - Level 1.3 Dodging
 - Level 0.4 Stealth
 + Level 2.5 Unarmed Combat


You had 4 spell levels left.
You didn't know any spells.

Dungeon Overview and Level Annotations

Branches:
Dungeon (4/15)
 Temple: D:4-7

Altars:
Ashenzari

Annotations:
D:4 jesusflecha's ghost, amateur DrFi


Innate Abilities, Weirdness & Mutations

You have hooves in place of feet.
Armour fits poorly on your strangely shaped body.
You cover ground very quickly.
You have extremely tough skin. (AC +3)


Message History

The orc hits you but does no damage.
You barely miss the orc.
The orc is almost dead.
You hit the orc but do no damage.
The orc is almost dead.
The orc hits you but does no damage.
The orc priest invokes the aid of Beogh against you.
Beogh smites you!
* * * LOW HITPOINT WARNING * * *
You hit the orc but do no damage.
The orc is almost dead.
The orc barely misses you.
The orc priest looks braver for a moment.
You hit the orc.
You kill the orc!
You barely miss the orc priest. The orc priest closely misses you.
You hit the orc priest but do no damage.
The orc priest invokes the aid of Beogh against you.
Beogh smites you!
You die...

......#.# ..o.....#
!......o# ........#####
.....J......# # #...?..#
# #......# # ####......#
###############.@o(.....#
................##......#
##################......#
#....$.# ########


You could see an orc priest.

Vanquished Creatures
  An orc priest (D:3)
  An orc wizard (D:3)
  6 adders
  2 oozes
  2 worms
  2 dart slugs
  A leopard gecko (D:1)
  8 orcs
  6 giant cockroaches
  4 goblins
  8 hobgoblins
  13 jackals
  A quokka (D:3)
  A ball python (D:3)
  6 bats (D:3)
  5 frilled lizards
  7 kobolds
  7 rats
81 creatures vanquished.

Notes
Turn   | Place    | Note
-------+----------+-------------------------------------------
     0 | D:1      | Ivernyr the Centaur Hunter began the quest for the Orb.
     0 | D:1      | Reached XP level 1. HP: 17/17 MP: 1/1
   279 | D:1      | Reached XP level 2. HP: 24/24 MP: 2/2
   411 | D:1      | Reached skill level 1 in Unarmed Combat
   857 | D:2      | Reached skill level 6 in Bows
   857 | D:2      | Reached XP level 3. HP: 27/30 MP: 3/3
  1337 | D:2      | Reached XP level 4. HP: 37/37 MP: 4/4
  2003 | D:3      | Found a shattered altar of Ashenzari.
  2024 | D:3      | Reached XP level 5. HP: 31/45 MP: 5/5
  2643 | D:3      | Reached skill level 7 in Bows
  3216 | D:4      | Noticed jesusflecha's ghost (amateur DrFi)
  3394 | D:4      | Killed from afar by an orc priest

Skill      XL: |  1  2  3  4  5 |
---------------+----------------+-----
Unarmed Combat | 1 2 |  2.5
Bows           | 6 7 |  7.5
Fighting       | 3 |  3.3
Dodging        | |  1.3
Stealth        | |  0.4

Action                   |  1- 3 |  4- 6 || total
-------------------------+-------+-------++-------
Melee: Unarmed           |    91 |   195 ||   286
       Kick              |    26 |    40 ||    66
 Fire: Shortbow          |    17 |    16 ||    33
  Use: Scroll            |       |     5 ||     5
  Eat: Chunk             |       |     6 ||     6
Armor: Leather armour    |    63 |   142 ||   205
Dodge: Dodged            |    42 |    91 ||   133
